 Dungeon Crawl Stone Soup version 0.30-a0-591-g3c58d2bc28 (webtiles) character file.

Game seed: 14980268548965444444

4 Leeroy the Insei (level 1, 0/13 HPs)
             Began as an Octopode Transmuter on Jan 5, 2023.
             Hit by a stone thrown by a kobold (2 damage)
             ... on level 1 of the Dungeon.
             The game lasted 00:00:39 (181 turns).

Leeroy the Insei (Octopode Transmuter)               Turns: 181, Time: 00:00:40

Health: 0/13       AC:  1    Str:  9    XL:     1   Next: 70%
Magic:  2/3        EV: 13    Int: 15    God:
Gold:   10         SH:  0    Dex: 12    Spells: 3/4 levels left

rFire   . . .      SeeInvis .      - Unarmed
rCold   . . .      Faith    .    (no shield)
rNeg    . . .      Spirit   .    (helmet currently unavailable)
rPois   .          Reflect  .    (no amulet)
rElec   .          Harm     .    (no ring)
rCorr   .          Rampage  .    (no ring)
Will    .....                    (no ring)
Stlth   ++                       (no ring)
HPRegen 0.22/turn                (no ring)
MPRegen 0.08/turn                (no ring)
                                 (no ring)
                                 (no ring)

@: appendages (expiring)
A: tentacle spike 3, almost no armour, amphibious, 8 rings, camouflage 1,
gelatinous body 1, (nimble swimmer 1), tentacles
a: End Transformation


You were on level 1 of the Dungeon.
One of your tentacles had grown a beastly spike.
You visited 1 branch of the dungeon, and saw 1 of its levels.

You collected 10 gold pieces.

Inventory:

Scrolls
 b - a scroll of teleportation {unknown}
 c - a scroll of silence {unknown}
Potions
 a - a potion of lignification


   Skills:
 - Level 1.0 Fighting
 - Level 2.0 Dodging
 + Level 3.3 Unarmed Combat
 - Level 2.0 Spellcasting
 - Level 2.0 Transmutations


You had 3 spell levels left.
You knew the following spells:

 Your Spells              Type           Power      Damage    Failure   Level
a - Beastly Appendage     Tmut           14%        N/A       10%         1

Your spell library contained the following spells:

 Spells                   Type           Power      Damage    Failure   Level
 Wereblood                Tmut           7%         N/A       14%         2
 Spider Form              Tmut/Pois      4%         N/A       41%         3
 Ice Form                 Ice/Tmut       4%         N/A       82%         4
 Iskenderun's Battlesphe  Conj           1%         2d6       99%         5
 Iron Shot                Conj/Erth      0%         9d1       100%        6
 Spellforged Servitor     Conj/Summ      0%         N/A       100%        7


Dungeon Overview and Level Annotations

Branches:
Dungeon (1/15)

Altars:


Innate Abilities, Weirdness & Mutations

One of your tentacles has grown a beastly spike.
You cannot wear most types of armour.
You are amphibious.
You can wear up to eight rings at the same time.
Your skin changes colour to match your surroundings (Stealth+).
Your rubbery body absorbs attacks. (AC +1, EV +1)
((You are camouflaged when in or above water. (Stealth+)))
You have tentacles for arms and can constrict up to eight enemies at once.


Message History

You are frozen.
The bat escapes!
The endoplasm attacks as you move away! The endoplasm misses you.
The bat closely misses you. x2
The endoplasm attacks as you move away!
The endoplasm hits you but does no damage.
The bat closely misses you.
The kobold throws a stone.
The stone hits you but does no damage. The bat barely misses you.
The endoplasm attacks as you move away! The endoplasm barely misses you.
The bat misses you.
One of your tentacles grows a vicious spike.
The endoplasm freezes you.
You are frozen.
The bat hits you.
You tentacle-slap the endoplasm. You squeeze the endoplasm.
You kill the endoplasm!
The bat hits you.
You miss the bat. You grab the bat. You constrict the bat. The bat misses you.
The bat closely misses you.
You tentacle-slap the bat.
You kill the bat!
You closely miss the goblin. Your grab misses the goblin.
You pierce the goblin.
The goblin is moderately wounded.
Your transformation is almost over.
The goblin hits you with a +0 club.
* * * LOW HITPOINT WARNING * * *
You barely miss the goblin. Your grab misses the goblin.
Your squeeze misses the goblin.
The goblin is moderately wounded.
The goblin closely misses you.
You tentacle-slap the goblin. Your grab misses the goblin.
The goblin is severely wounded.
The goblin misses you.
You closely miss the goblin. Your grab misses the goblin.
The goblin is severely wounded.
The goblin misses you.
You tentacle-slap the goblin.
You kill the goblin!
The kobold throws a stone.
The stone hits you.
You die...

.### ##.....#.# ..#
......... #.####
....##.# ##.##.##
#.#.##.#
##....#.####.#.##.##
#....###............
#...>)#.†###.#####.#
#.#.##.#.# #+# #.#
#.#@####.# #>#
##.#)# #.# #..
#..gK# #.# ###
##.#....# #.#
........####.#
#.........##.#
...........#
.#...........
##......#...#


You could see a goblin and a kobold.

Vanquished Creatures
  A bat (D:1)
  An endoplasm (D:1)
  A goblin (D:1)
  A kobold (D:1)
  A frilled lizard (D:1)
5 creatures vanquished.

Notes
Turn   | Place    | Note
-------+----------+-------------------------------------------
     0 | D:1      | Leeroy the Octopode Transmuter began the quest for the Orb.
     0 | D:1      | Reached XP level 1. HP: 13/13 MP: 3/3
   181 | D:1      | Hit by a stone thrown by a kobold

Illustrated notes

Levels and vault maps discovered:
D:1:      scummos_arrival_forest, layout_loops_ring, roderic_serpentine_path

Action                   || total
-------------------------++-------
Melee: Unarmed           ||    13
       Constrict         ||     3
       Kick              ||     2
       Tentacles         ||     1
 Cast: Beastly Appendage ||     2
 Stab: Sleeping          ||     1
Armor: Skin              ||     2
Dodge: Dodged            ||    18

Table legend: (Time is in decaauts)
 A = Elapsed time spent in this place.
 B = Non-inter-level travel time spent in this place.
 C = Inter-level travel time spent in this place.
 D = Time resting spent in this place.
 E = Time spent auto-exploring this place.
 F = Levels seen in this place.
 G = Mean time per level.
                   A        B        C        D        E       F      G
               +--------+--------+--------+--------+--------+-----+--------+
         Total |    180 |    180 |      0 |      0 |    142 |   1 |  180.0 |
       Dungeon |    180 |    180 |      0 |      0 |    142 |   1 |  180.0 |
               +--------+--------+--------+--------+--------+-----+--------+

Top non-repeatable levels by time:
     D:1: 180 daAuts
